[ AOE2 MATCH · #482540819 ]
UnrankedJapanese vs Maya
[ REPLAY ANALYSIS · EXTRACTED FROM THE RECORDED GAME ]
Feudal
11:03
Castle
16:20
Imperial
33:02
| APM avg | 17.0 |
| APM peak | 48 |
| eAPM avg | 13.6 |
| Villagers / military | 87 / 74 |
Focus
⚔️ 38.4% · 🌾 61.6%
Samurai ×43 · Skirmisher ×20 · Trade Cart ×15 · Battering Ram ×11
Feudal
11:29
Castle
15:00
Imperial
30:25
| APM avg | 20.9 |
| APM peak | 65 |
| eAPM avg | 12.9 |
| Villagers / military | 151 / 215 |
Focus
⚔️ 23.1% · 🌾 76.9%
Hand Cannoneer ×180 · Unknown (882) ×35 · Skirmisher ×30 · Trebuchet (Packed) ×4 · Monk ×1
Feudal
11:19
Castle
24:40
Imperial
39:48
| APM avg | 21.8 |
| APM peak | 87 |
| eAPM avg | 11.8 |
| Villagers / military | 69 / 155 |
Focus
⚔️ 33.7% · 🌾 66.3%
Archer ×109 · Plumed Archer ×32 · Spearman ×14
Feudal
9:43
Castle
22:02
Imperial
37:27
| APM avg | 30.0 |
| APM peak | 99 |
| eAPM avg | 13.4 |
| Villagers / military | 134 / 90 |
Focus
⚔️ 25.1% · 🌾 74.9%
Mangudai ×56 · Battering Ram ×21 · Scout Cavalry ×10 · Monk ×3
Feudal
10:09
Castle
20:28
Imperial
35:58
| APM avg | 28.5 |
| APM peak | 59 |
| eAPM avg | 16.8 |
| Villagers / military | 112 / 225 |
Focus
⚔️ 23.2% · 🌾 76.8%
Archer ×224 · Monk ×1
Feudal
13:03
Castle
23:50
Imperial
—
| APM avg | 15.6 |
| APM peak | 52 |
| eAPM avg | 9.5 |
| Villagers / military | 69 / 179 |
Focus
⚔️ 25.2% · 🌾 74.8%
Huskarl ×87 · Spearman ×65 · Militia ×27 · Trade Cart ×6
Feudal
13:42
Castle
17:43
Imperial
35:13
| APM avg | 37.3 |
| APM peak | 74 |
| eAPM avg | 25.9 |
| Villagers / military | 211 / 202 |
Focus
⚔️ 17.3% · 🌾 82.7%
Monaspa ×182 · Battering Ram ×16 · Mangonel ×2 · Scout Cavalry ×2
Feudal
13:23
Castle
17:35
Imperial
38:28
| APM avg | 27.2 |
| APM peak | 66 |
| eAPM avg | 13.7 |
| Villagers / military | 116 / 114 |
Focus
⚔️ 21.7% · 🌾 78.3%
Militia ×101 · Centurion ×9 · Spearman ×4
Match map
Initial resources + every placement click. Lines = walls · curves = elevation contours. ◆ gold · ⬟ stone · ● berries · ✦ relic · ◌ wall gap
Your base· ✓ Closed at 16:20 · 20t walls · 1 gate(s)
只爆叉叉's base· ✓ Closed at 15:00 · 19t walls · 2 gate(s)
badeMJoon's base· ✓ Closed at 24:40 · 28t walls · 1 gate(s)
月儿's base· ✓ Closed at 22:02 · 15t walls · 2 gate(s)
Grim Reaper's base· ✓ Closed at 20:28 · 40t walls · 2 gate(s)
Dickus Giganticus's base· ✓ Closed at 23:50 · 0t walls · no gate
Ejatch Lemayahu Gewodros's base· ✓ Closed at 17:43 · 22t walls · 1 gate(s)
Arfah's base· ✓ Closed at 17:35 · 35t walls · 1 gate(s)
Smoothed initial terrain · ◌ = detected wall gap · hover for details
Inputs per minute
— polyrule - - 只爆叉叉
Build order — polyrule
First 150 of 335 actions detected
| 0:03 | Create | Villager (Male) |
| 0:03 | Create | Villager (Male) |
| 0:04 | Create | Villager (Male) |
| 0:04 | Create | Villager (Male) |
| 0:04 | Create | Villager (Male) |
| 0:06 | Build | House |
| 0:09 | Build | House |
| 1:33 | Create | Villager (Male) |
| 1:51 | Build | Mill |
| 2:17 | Create | Villager (Male) |
| 2:28 | Create | Villager (Male) |
| 3:00 | Create | Villager (Male) |
| 3:22 | Build | House |
| 3:27 | Build | House |
| 3:41 | Build | Lumber Camp |
| 3:47 | Create | Villager (Male) |
| 3:47 | Create | Villager (Male) |
| 3:47 | Create | Villager (Male) |
| 3:47 | Create | Villager (Male) |
| 4:26 | Create | Villager (Male) |
| 4:27 | Create | Villager (Male) |
| 4:47 | Create | Villager (Male) |
| 5:26 | Create | Villager (Male) |
| 5:41 | Build | House |
| 5:48 | Create | Villager (Male) |
| 5:48 | Create | Villager (Male) |
| 6:17 | Build | Palisade Wall |
| 6:22 | Build | Palisade Gate |
| 6:26 | Build | Palisade Wall |
| 6:27 | Create | Villager (Male) |
| 6:59 | Build | Palisade Wall |
| 7:02 | Create | Villager (Male) |
| 7:21 | Create | Villager (Male) |
| 7:50 | Build | Palisade Wall |
| 7:54 | Build | Palisade Wall |
| 8:17 | Build | House |
| 8:21 | Build | Palisade Wall |
| 8:35 | Build | Palisade Wall |
| 8:53 | Research | Feudal Age |
| 9:06 | Create | Villager (Male) |
| 9:07 | Create | Villager (Male) |
| 10:05 | Build | Lumber Camp |
| 10:28 | Build | Mining Camp |
| 11:03 | Age | Feudal Age |
| 11:14 | Build | Market |
| 11:44 | Create | Villager (Male) |
| 12:03 | Build | Mining Camp |
| 12:41 | Build | Blacksmith |
| 12:45 | Create | Villager (Male) |
| 12:50 | Build | Farm |
| 12:56 | Build | Mill |
| 13:40 | Research | Castle Age |
| 13:40 | Research | Castle Age |
| 13:41 | Research | Castle Age |
| 14:27 | Research | Double-Bit Axe |
| 15:19 | Research | Horse Collar |
| 15:40 | Create | Villager (Male) |
| 15:40 | Create | Villager (Male) |
| 15:49 | Build | Farm |
| 16:16 | Create | Trade Cart |
| 16:20 | Age | Castle Age |
| 16:35 | Build | Farm |
| 16:38 | Research | Heavy Plow |
| 16:43 | Create | Villager (Male) |
| 17:19 | Build | Farm |
| 17:21 | Build | Farm |
| 17:25 | Build | House |
| 17:26 | Build | House |
| 17:41 | Build | Castle |
| 17:45 | Create | Villager (Male) |
| 17:46 | Create | Villager (Male) |
| 17:49 | Build | Farm |
| 17:50 | Build | Farm |
| 17:51 | Build | Farm |
| 18:07 | Research | Gold Mining |
| 18:12 | Build | Farm |
| 18:13 | Build | Farm |
| 18:14 | Build | Farm |
| 18:15 | Build | Farm |
| 18:32 | Build | Siege Workshop |
| 18:40 | Create | Villager (Male) |
| 19:07 | Create | Villager (Male) |
| 19:18 | Create | Battering Ram |
| 19:26 | Research | Scale Mail Armor |
| 19:28 | Create | Samurai |
| 19:29 | Create | Samurai |
| 19:47 | Create | Samurai |
| 19:56 | Create | Samurai |
| 20:00 | Build | Barracks |
| 20:07 | Create | Samurai |
| 20:12 | Create | Villager (Male) |
| 20:22 | Create | Samurai |
| 20:31 | Create | Battering Ram |
| 20:31 | Create | Battering Ram |
| 20:39 | Create | Samurai |
| 20:45 | Create | Samurai |
| 21:02 | Create | Samurai |
| 21:07 | Build | Farm |
| 21:11 | Build | Farm |
| 21:21 | Create | Battering Ram |
| 21:23 | Create | Samurai |
| 21:23 | Create | Samurai |
| 21:29 | Create | Villager (Male) |
| 21:38 | Build | Farm |
| 21:45 | Create | Samurai |
| 21:55 | Create | Samurai |
| 22:02 | Create | Battering Ram |
| 22:07 | Create | Samurai |
| 22:18 | Create | Samurai |
| 22:30 | Create | Villager (Male) |
| 22:35 | Create | Samurai |
| 22:43 | Create | Samurai |
| 23:04 | Research | Squires |
| 23:24 | Create | Villager (Male) |
| 23:57 | Build | Town Center |
| 24:02 | Create | Trade Cart |
| 24:09 | Research | Wheelbarrow |
| 24:17 | Create | Battering Ram |
| 24:18 | Create | Samurai |
| 24:20 | Create | Villager (Male) |
| 24:40 | Build | House |
| 24:44 | Build | House |
| 24:50 | Build | Farm |
| 25:26 | Research | Chain Mail Armor |
| 25:29 | Research | Forging |
| 25:37 | Build | Farm |
| 25:38 | Build | Farm |
| 25:41 | Build | Farm |
| 25:42 | Build | Farm |
| 25:50 | Create | Villager (Male) |
| 25:52 | Create | Villager (Male) |
| 26:03 | Create | Trade Cart |
| 26:21 | Build | Farm |
| 26:25 | Build | Farm |
| 26:26 | Create | Villager (Male) |
| 26:27 | Create | Villager (Male) |
| 26:29 | Create | Villager (Male) |
| 26:30 | Create | Villager (Male) |
| 27:20 | Create | Villager (Male) |
| 27:21 | Create | Villager (Male) |
| 27:24 | Create | Trade Cart |
| 27:30 | Build | Market |
| 27:40 | Create | Villager (Male) |
| 27:40 | Create | Villager (Male) |
| 27:47 | Build | Farm |
| 27:51 | Build | Farm |
| 28:16 | Create | Villager (Male) |
| 28:17 | Create | Villager (Male) |
| 29:10 | Create | Villager (Male) |
| 29:10 | Create | Villager (Male) |
Build order — 只爆叉叉
First 150 of 383 actions detected
| 0:07 | Build | House |
| 0:08 | Build | House |
| 0:09 | Create | Villager (Male) |
| 0:09 | Create | Villager (Male) |
| 0:10 | Create | Villager (Male) |
| 0:11 | Build | House |
| 0:16 | Create | Villager (Male) |
| 0:17 | Create | Villager (Male) |
| 1:38 | Create | Villager (Male) |
| 1:38 | Create | Villager (Male) |
| 1:57 | Create | Villager (Male) |
| 2:25 | Build | Lumber Camp |
| 2:30 | Create | Villager (Male) |
| 2:30 | Create | Villager (Male) |
| 2:39 | Create | Villager (Male) |
| 2:40 | Create | Villager (Male) |
| 3:12 | Create | Villager (Male) |
| 3:43 | Create | Villager (Male) |
| 4:16 | Create | Villager (Male) |
| 4:17 | Create | Villager (Male) |
| 4:17 | Create | Villager (Male) |
| 4:39 | Create | Villager (Male) |
| 4:51 | Build | Mill |
| 5:18 | Build | Palisade Wall |
| 5:24 | Create | Villager (Male) |
| 5:47 | Build | House |
| 5:50 | Build | House |
| 5:52 | Build | House |
| 5:55 | Build | House |
| 5:59 | Create | Villager (Male) |
| 5:59 | Create | Villager (Male) |
| 6:10 | Build | Palisade Gate |
| 6:22 | Create | Villager (Male) |
| 6:22 | Create | Villager (Male) |
| 6:52 | Create | Villager (Male) |
| 6:53 | Create | Villager (Male) |
| 7:05 | Build | Mining Camp |
| 7:13 | Build | Mining Camp |
| 7:58 | Create | Villager (Male) |
| 8:22 | Create | Villager (Male) |
| 8:52 | Research | Loom |
| 9:17 | Research | Feudal Age |
| 10:21 | Create | Villager (Male) |
| 10:21 | Create | Villager (Male) |
| 11:29 | Age | Feudal Age |
| 11:31 | Build | Market |
| 11:35 | Build | Blacksmith |
| 11:46 | Build | Lumber Camp |
| 12:20 | Research | Castle Age |
| 12:24 | Research | Double-Bit Axe |
| 13:00 | Build | Stone Wall |
| 13:19 | Build | Lumber Camp |
| 13:26 | Create | Villager (Male) |
| 13:26 | Create | Villager (Male) |
| 13:31 | Research | Horse Collar |
| 14:27 | Create | Villager (Male) |
| 14:41 | Build | Stone Wall |
| 14:42 | Build | Stone Wall |
| 14:47 | Build | Gate |
| 15:00 | Age | Castle Age |
| 15:12 | Build | Town Center |
| 15:24 | Build | Town Center |
| 15:52 | Research | Bow Saw |
| 15:55 | Build | Farm |
| 15:57 | Create | Villager (Male) |
| 15:58 | Create | Villager (Male) |
| 16:20 | Build | Farm |
| 16:20 | Build | Farm |
| 16:25 | Build | Farm |
| 16:27 | Build | Farm |
| 16:36 | Build | Farm |
| 16:37 | Build | Farm |
| 16:41 | Build | Farm |
| 16:45 | Build | Farm |
| 17:07 | Build | Farm |
| 17:08 | Build | Farm |
| 17:13 | Create | Villager (Male) |
| 17:16 | Build | Farm |
| 17:17 | Build | Farm |
| 17:19 | Build | Farm |
| 17:20 | Build | Farm |
| 17:32 | Create | Villager (Male) |
| 17:42 | Build | Farm |
| 17:53 | Create | Villager (Male) |
| 17:53 | Create | Villager (Male) |
| 18:00 | Build | Farm |
| 18:08 | Create | Villager (Male) |
| 18:20 | Create | Villager (Male) |
| 18:20 | Create | Villager (Male) |
| 18:21 | Create | Villager (Male) |
| 18:23 | Create | Villager (Male) |
| 18:23 | Create | Villager (Male) |
| 18:26 | Build | Farm |
| 18:27 | Create | Villager (Male) |
| 18:28 | Create | Villager (Male) |
| 18:36 | Create | Villager (Male) |
| 18:37 | Create | Villager (Male) |
| 18:52 | Build | Farm |
| 18:54 | Create | Villager (Male) |
| 18:56 | Create | Villager (Male) |
| 19:01 | Build | Farm |
| 19:06 | Build | Farm |
| 19:07 | Create | Villager (Male) |
| 19:07 | Create | Villager (Male) |
| 19:13 | Build | Farm |
| 19:14 | Build | Farm |
| 19:16 | Create | Villager (Male) |
| 19:17 | Create | Villager (Male) |
| 19:21 | Build | Farm |
| 19:24 | Create | Villager (Male) |
| 19:24 | Create | Villager (Male) |
| 19:28 | Create | Villager (Male) |
| 19:28 | Create | Villager (Male) |
| 19:36 | Build | Town Center |
| 19:40 | Create | Villager (Male) |
| 19:47 | Build | Farm |
| 19:49 | Create | Villager (Male) |
| 19:57 | Create | Villager (Male) |
| 19:57 | Create | Villager (Male) |
| 20:02 | Create | Villager (Male) |
| 20:02 | Create | Villager (Male) |
| 20:06 | Build | Farm |
| 20:06 | Create | Villager (Male) |
| 20:07 | Create | Villager (Male) |
| 20:09 | Create | Villager (Male) |
| 20:25 | Create | Villager (Male) |
| 20:29 | Build | Farm |
| 20:35 | Build | House |
| 20:36 | Build | House |
| 20:38 | Build | House |
| 20:40 | Build | House |
| 20:41 | Build | House |
| 20:55 | Research | Wheelbarrow |
| 21:01 | Create | Villager (Male) |
| 21:01 | Create | Villager (Male) |
| 21:05 | Build | Farm |
| 21:06 | Create | Villager (Male) |
| 21:07 | Create | Villager (Male) |
| 21:18 | Create | Villager (Male) |
| 21:23 | Build | Farm |
| 21:24 | Build | Farm |
| 21:25 | Build | Farm |
| 21:27 | Build | Farm |
| 21:30 | Create | Villager (Male) |
| 21:30 | Create | Villager (Male) |
| 21:46 | Create | Villager (Male) |
| 21:46 | Create | Villager (Male) |
| 21:56 | Create | Villager (Male) |
| 21:56 | Create | Villager (Male) |
| 22:08 | Create | Villager (Male) |
Build order — badeMJoon
First 150 of 269 actions detected
| 0:03 | Build | House |
| 0:06 | Build | House |
| 0:17 | Create | Villager (Male) |
| 0:18 | Create | Villager (Male) |
| 0:18 | Create | Villager (Male) |
| 1:25 | Create | Villager (Male) |
| 1:57 | Create | Villager (Male) |
| 2:20 | Build | Lumber Camp |
| 2:32 | Create | Villager (Male) |
| 2:36 | Create | Villager (Male) |
| 3:14 | Create | Villager (Male) |
| 3:48 | Build | House |
| 3:55 | Create | Villager (Male) |
| 3:56 | Create | Villager (Male) |
| 4:18 | Create | Villager (Male) |
| 4:18 | Create | Villager (Male) |
| 4:50 | Create | Villager (Male) |
| 5:42 | Create | Villager (Male) |
| 5:42 | Create | Villager (Male) |
| 5:42 | Create | Villager (Male) |
| 6:22 | Build | Mill |
| 7:00 | Create | Villager (Male) |
| 7:00 | Create | Villager (Male) |
| 7:42 | Create | Villager (Male) |
| 7:47 | Build | House |
| 7:53 | Research | Loom |
| 8:13 | Build | Palisade Wall |
| 8:19 | Create | Villager (Male) |
| 8:23 | Create | Villager (Male) |
| 8:51 | Build | House |
| 8:56 | Research | Feudal Age |
| 11:19 | Age | Feudal Age |
| 11:20 | Research | Double-Bit Axe |
| 11:20 | Research | Double-Bit Axe |
| 11:22 | Create | Villager (Male) |
| 11:23 | Create | Villager (Male) |
| 11:55 | Build | Mining Camp |
| 12:00 | Create | Villager (Male) |
| 12:04 | Research | Horse Collar |
| 12:10 | Research | Wheelbarrow |
| 12:20 | Create | Villager (Male) |
| 13:20 | Build | Barracks |
| 13:34 | Build | Watch Tower |
| 14:06 | Create | Villager (Male) |
| 14:34 | Build | Farm |
| 14:35 | Build | Farm |
| 14:36 | Build | Farm |
| 14:36 | Build | Farm |
| 14:37 | Build | Farm |
| 14:40 | Create | Villager (Male) |
| 14:51 | Build | Mining Camp |
| 14:53 | Create | Villager (Male) |
| 15:06 | Create | Spearman |
| 15:07 | Create | Spearman |
| 15:24 | Build | Barracks |
| 15:32 | Build | House |
| 15:58 | Build | House |
| 16:16 | Create | Villager (Male) |
| 16:16 | Create | Villager (Male) |
| 16:28 | Build | House |
| 16:33 | Build | Archery Range |
| 16:46 | Build | Farm |
| 16:46 | Build | Farm |
| 16:47 | Build | Farm |
| 16:48 | Build | Farm |
| 16:49 | Build | Farm |
| 16:50 | Build | Farm |
| 16:52 | Create | Villager (Male) |
| 16:53 | Create | Villager (Male) |
| 16:53 | Create | Villager (Male) |
| 17:03 | Create | Spearman |
| 17:07 | Create | Spearman |
| 17:23 | Build | Farm |
| 18:13 | Build | Lumber Camp |
| 18:18 | Create | Villager (Male) |
| 18:33 | Create | Spearman |
| 18:36 | Create | Archer |
| 18:36 | Create | Archer |
| 18:51 | Create | Villager (Male) |
| 18:52 | Create | Villager (Male) |
| 19:08 | Build | Farm |
| 19:35 | Create | Villager (Male) |
| 20:03 | Create | Villager (Male) |
| 20:27 | Build | Archery Range |
| 21:04 | Build | Market |
| 21:12 | Build | Blacksmith |
| 21:18 | Research | Town Watch |
| 21:25 | Create | Spearman |
| 21:32 | Research | Arson |
| 21:45 | Build | Archery Range |
| 22:00 | Research | Castle Age |
| 22:13 | Build | Palisade Gate |
| 22:21 | Build | House |
| 22:22 | Build | House |
| 22:36 | Research | Fletching |
| 22:51 | Build | House |
| 22:55 | Research | Gold Mining |
| 23:02 | Create | Archer |
| 23:03 | Create | Archer |
| 23:03 | Create | Archer |
| 23:07 | Create | Spearman |
| 23:07 | Create | Spearman |
| 23:32 | Build | Archery Range |
| 23:43 | Create | Spearman |
| 23:43 | Create | Spearman |
| 23:48 | Create | Archer |
| 23:48 | Create | Archer |
| 23:59 | Build | House |
| 24:21 | Build | Archery Range |
| 24:22 | Build | Archery Range |
| 24:33 | Build | House |
| 24:35 | Build | House |
| 24:40 | Age | Castle Age |
| 24:41 | Create | Villager (Male) |
| 24:42 | Create | Villager (Male) |
| 24:51 | Research | Stone Mining |
| 24:54 | Research | Crossbowman (upgrade) |
| 25:43 | Research | Pikeman (upgrade) |
| 25:57 | Build | Castle |
| 26:06 | Create | Villager (Male) |
| 26:06 | Create | Villager (Male) |
| 28:55 | Research | Heavy Plow |
| 28:55 | Research | Bow Saw |
| 29:00 | Create | Villager (Male) |
| 29:01 | Create | Villager (Male) |
| 29:11 | Build | Town Center |
| 29:19 | Research | Stone Shaft Mining |
| 30:04 | Research | Hand Cart |
| 30:23 | Create | Archer |
| 30:23 | Create | Archer |
| 30:24 | Create | Archer |
| 30:24 | Create | Archer |
| 30:24 | Create | Archer |
| 30:24 | Create | Archer |
| 30:25 | Create | Archer |
| 30:25 | Create | Archer |
| 30:26 | Create | Archer |
| 30:26 | Create | Archer ×5 |
| 30:26 | Create | Archer ×5 |
| 30:26 | Create | Archer |
| 30:42 | Create | Villager (Male) |
| 30:42 | Create | Villager (Male) |
| 30:42 | Create | Villager (Male) |
| 30:59 | Create | Villager (Male) |
| 31:12 | Research | Thumb Ring |
| 31:47 | Build | Farm |
| 31:48 | Build | Farm |
| 31:48 | Build | Farm |
| 31:49 | Build | Farm |
| 31:54 | Build | Farm |
Build order — 月儿
First 150 of 308 actions detected
| 0:05 | Build | House |
| 0:06 | Build | House |
| 0:27 | Create | Villager (Male) |
| 0:28 | Create | Villager (Male) |
| 0:28 | Create | Villager (Male) |
| 0:28 | Create | Villager (Male) |
| 0:28 | Create | Villager (Male) |
| 1:56 | Create | Villager (Male) |
| 1:56 | Create | Villager (Male) |
| 2:18 | Create | Villager (Male) |
| 2:42 | Create | Villager (Male) |
| 2:42 | Create | Villager (Male) |
| 3:23 | Create | Villager (Male) |
| 3:23 | Create | Villager (Male) |
| 3:41 | Build | House |
| 3:44 | Build | House |
| 4:11 | Create | Villager (Male) |
| 4:11 | Create | Villager (Male) |
| 4:12 | Create | Villager (Male) |
| 4:12 | Create | Villager (Male) |
| 4:55 | Build | Lumber Camp |
| 5:03 | Create | Villager (Male) |
| 5:22 | Create | Villager (Male) |
| 6:08 | Create | Villager (Male) |
| 6:08 | Create | Villager (Male) |
| 6:09 | Create | Villager (Male) |
| 6:09 | Create | Villager (Male) |
| 6:09 | Create | Villager (Male) |
| 6:15 | Build | Mill |
| 6:22 | Create | Villager (Male) |
| 6:22 | Create | Villager (Male) |
| 7:24 | Build | Barracks |
| 7:28 | Research | Feudal Age |
| 7:40 | Research | Loom |
| 8:23 | Create | Villager (Male) |
| 8:24 | Create | Villager (Male) |
| 8:35 | Build | Palisade Wall |
| 8:39 | Build | Palisade Gate |
| 8:49 | Build | House |
| 8:54 | Build | Palisade Wall |
| 9:43 | Age | Feudal Age |
| 9:48 | Build | Stable |
| 10:20 | Build | Farm |
| 10:23 | Research | Double-Bit Axe |
| 10:49 | Build | House |
| 10:53 | Build | Farm |
| 10:58 | Create | Villager (Male) |
| 10:59 | Create | Scout Cavalry |
| 11:00 | Create | Scout Cavalry |
| 11:15 | Build | Mill |
| 11:20 | Create | Scout Cavalry |
| 11:34 | Build | Palisade Gate |
| 11:41 | Create | Scout Cavalry |
| 11:56 | Create | Villager (Male) |
| 11:57 | Create | Villager (Male) |
| 11:57 | Create | Villager (Male) |
| 12:05 | Build | Farm |
| 12:57 | Build | Lumber Camp |
| 12:58 | Create | Villager (Male) |
| 13:01 | Create | Scout Cavalry |
| 13:01 | Create | Scout Cavalry |
| 13:16 | Create | Villager (Male) |
| 13:20 | Build | Farm |
| 13:35 | Create | Villager (Male) |
| 13:40 | Build | Farm |
| 14:07 | Research | Wheelbarrow |
| 14:07 | Create | Villager (Male) |
| 14:08 | Create | Villager (Male) |
| 14:15 | Build | House |
| 14:17 | Build | House |
| 15:06 | Create | Villager (Male) |
| 15:15 | Build | Blacksmith |
| 15:19 | Build | Market |
| 15:27 | Build | Mill |
| 15:28 | Build | Farm |
| 15:28 | Build | Farm |
| 15:29 | Build | Farm |
| 15:29 | Build | Farm |
| 15:29 | Build | Farm |
| 15:30 | Build | Farm |
| 15:30 | Build | Farm |
| 16:20 | Build | Mining Camp |
| 16:44 | Create | Villager (Male) |
| 16:45 | Create | Villager (Male) |
| 16:50 | Build | Farm |
| 16:53 | Build | Farm |
| 17:01 | Build | Farm |
| 17:24 | Create | Villager (Male) |
| 17:30 | Build | Farm |
| 17:40 | Build | Farm |
| 18:01 | Create | Villager (Male) |
| 18:01 | Create | Villager (Male) |
| 18:09 | Build | House |
| 18:10 | Build | House |
| 18:49 | Create | Villager (Male) |
| 19:22 | Research | Castle Age |
| 19:28 | Build | House |
| 19:28 | Build | House |
| 19:39 | Build | Mining Camp |
| 19:41 | Create | Villager (Male) |
| 19:42 | Create | Villager (Male) |
| 19:45 | Research | Stone Mining |
| 19:47 | Research | Gold Mining |
| 19:51 | Research | Horse Collar |
| 20:02 | Build | House |
| 20:05 | Build | House |
| 20:22 | Build | Farm |
| 20:23 | Build | Farm |
| 20:24 | Build | Farm |
| 20:25 | Build | Farm |
| 20:26 | Build | Farm |
| 22:02 | Age | Castle Age |
| 22:04 | Build | Town Center |
| 22:26 | Build | Town Center |
| 22:28 | Create | Villager (Male) |
| 22:28 | Create | Villager (Male) |
| 22:34 | Create | Villager (Male) |
| 22:35 | Create | Villager (Male) |
| 22:42 | Research | Light Cavalry (upgrade) |
| 22:42 | Research | Bloodlines |
| 22:51 | Create | Scout Cavalry |
| 22:51 | Create | Scout Cavalry |
| 22:52 | Create | Scout Cavalry |
| 22:52 | Create | Scout Cavalry |
| 23:32 | Create | Villager (Male) |
| 23:32 | Create | Villager (Male) |
| 23:33 | Create | Villager (Male) |
| 23:33 | Create | Villager (Male) |
| 23:33 | Create | Villager (Male) |
| 23:36 | Create | Villager (Male) |
| 23:36 | Create | Villager (Male) |
| 23:46 | Build | Monastery |
| 24:32 | Create | Villager (Male) |
| 24:36 | Create | Villager (Male) |
| 24:36 | Create | Villager (Male) |
| 24:42 | Build | House |
| 24:43 | Build | House |
| 24:57 | Create | Villager (Male) |
| 24:58 | Create | Villager (Male) |
| 25:02 | Build | Farm |
| 25:08 | Research | Heavy Plow |
| 25:11 | Research | Bow Saw |
| 25:28 | Create | Monk |
| 25:35 | Create | Villager (Male) |
| 25:35 | Create | Villager (Male) |
| 25:35 | Create | Villager (Male) |
| 25:38 | Create | Villager (Male) ×5 |
| 25:50 | Build | House |
| 25:58 | Build | Town Center |
| 26:20 | Build | Stone Wall |
Build order — Grim Reaper
First 150 of 292 actions detected
| 0:09 | Research | Loom |
| 0:50 | Create | Villager (Male) |
| 1:18 | Create | Villager (Male) |
| 1:23 | Build | Lumber Camp |
| 1:42 | Create | Villager (Male) |
| 2:13 | Create | Villager (Male) |
| 2:40 | Create | Villager (Male) |
| 2:41 | Create | Villager (Male) |
| 3:03 | Create | Villager (Male) |
| 3:22 | Create | Villager (Male) |
| 3:34 | Build | House |
| 3:38 | Build | Mill |
| 3:47 | Create | Villager (Male) |
| 4:20 | Create | Villager (Male) |
| 4:21 | Create | Villager (Male) |
| 4:47 | Create | Villager (Male) |
| 4:47 | Create | Villager (Male) |
| 5:00 | Create | Villager (Male) |
| 5:01 | Create | Villager (Male) |
| 5:26 | Create | Villager (Male) |
| 5:26 | Create | Villager (Male) |
| 5:58 | Create | Villager (Male) |
| 6:02 | Build | House |
| 6:27 | Create | Villager (Male) |
| 6:36 | Build | House |
| 7:29 | Create | Villager (Male) |
| 7:53 | Create | Villager (Male) |
| 7:59 | Research | Feudal Age |
| 8:10 | Build | Lumber Camp |
| 8:26 | Create | Villager (Male) |
| 8:45 | Build | Mining Camp |
| 8:53 | Build | House |
| 9:38 | Build | House |
| 9:45 | Build | Barracks |
| 9:49 | Create | Villager (Male) |
| 10:09 | Age | Feudal Age |
| 10:57 | Build | Stone Wall |
| 11:07 | Create | Villager (Male) |
| 11:08 | Create | Villager (Male) |
| 11:15 | Build | Archery Range |
| 11:25 | Build | Stone Wall |
| 11:32 | Build | Gate |
| 11:42 | Build | Stone Wall |
| 11:44 | Create | Villager (Male) |
| 11:46 | Create | Villager (Male) |
| 11:49 | Research | Double-Bit Axe |
| 11:52 | Research | Horse Collar |
| 12:08 | Create | Villager (Male) |
| 12:08 | Create | Villager (Male) |
| 12:20 | Create | Villager (Male) |
| 13:17 | Build | Stone Wall |
| 13:21 | Create | Villager (Male) |
| 13:22 | Create | Villager (Male) |
| 13:44 | Build | Stone Wall |
| 13:48 | Create | Villager (Male) |
| 13:54 | Build | Farm |
| 13:56 | Build | Farm |
| 14:12 | Build | Gate |
| 14:15 | Build | House |
| 14:38 | Create | Villager (Male) |
| 14:41 | Build | Farm |
| 14:42 | Build | Farm |
| 14:43 | Build | Farm |
| 14:44 | Build | Farm |
| 14:48 | Build | Farm |
| 14:55 | Build | Blacksmith |
| 15:02 | Create | Villager (Male) |
| 15:33 | Build | Farm |
| 15:38 | Build | House |
| 15:54 | Build | House |
| 16:04 | Create | Villager (Male) |
| 16:17 | Build | Farm |
| 16:18 | Build | Farm |
| 16:19 | Build | Farm |
| 16:21 | Build | Farm |
| 16:23 | Build | Farm |
| 16:25 | Create | Villager (Male) |
| 16:38 | Build | Farm |
| 16:42 | Create | Villager (Male) |
| 16:44 | Build | House |
| 16:47 | Build | House |
| 16:50 | Build | House |
| 17:06 | Build | Farm |
| 17:15 | Create | Villager (Male) |
| 17:40 | Research | Castle Age |
| 17:50 | Build | House |
| 17:51 | Build | House |
| 17:53 | Build | House |
| 17:54 | Build | House |
| 17:57 | Build | House |
| 17:58 | Build | House |
| 18:00 | Build | House |
| 18:02 | Build | House |
| 18:03 | Build | House |
| 18:07 | Create | Villager (Male) |
| 18:08 | Create | Villager (Male) |
| 18:33 | Build | Lumber Camp |
| 18:43 | Research | Wheelbarrow |
| 18:52 | Build | Market |
| 20:19 | Create | Villager (Male) |
| 20:20 | Create | Villager (Male) |
| 20:27 | Research | Gold Mining |
| 20:28 | Age | Castle Age |
| 20:49 | Research | Bow Saw |
| 20:51 | Research | Heavy Plow |
| 20:58 | Create | Villager (Male) |
| 21:11 | Build | Monastery |
| 21:14 | Build | University |
| 21:23 | Create | Villager (Male) |
| 21:28 | Create | Villager (Male) |
| 22:18 | Build | House |
| 22:21 | Create | Villager (Male) |
| 22:31 | Create | Villager (Male) |
| 22:40 | Build | Town Center |
| 22:48 | Research | Gold Shaft Mining |
| 22:52 | Create | Villager (Male) |
| 23:33 | Create | Villager (Male) |
| 23:33 | Create | Villager (Male) |
| 23:34 | Create | Villager (Male) |
| 23:35 | Create | Villager (Male) |
| 23:41 | Create | Villager (Male) |
| 23:51 | Build | Archery Range |
| 23:53 | Build | Archery Range |
| 23:55 | Build | Archery Range |
| 24:01 | Build | Archery Range |
| 24:03 | Create | Villager (Male) |
| 24:03 | Create | Villager (Male) |
| 24:05 | Create | Villager (Male) |
| 24:05 | Create | Villager (Male) |
| 24:15 | Research | Stone Mining |
| 24:23 | Create | Villager (Male) |
| 24:24 | Create | Villager (Male) |
| 24:30 | Research | Crossbowman (upgrade) |
| 24:31 | Research | Thumb Ring |
| 25:00 | Create | Monk |
| 25:22 | Create | Villager (Male) |
| 25:27 | Research | Stone Shaft Mining |
| 25:28 | Create | Villager (Male) |
| 25:29 | Create | Villager (Male) |
| 25:29 | Create | Villager (Male) |
| 25:29 | Create | Villager (Male) |
| 25:30 | Create | Villager (Male) |
| 25:30 | Create | Villager (Male) |
| 25:40 | Create | Villager (Male) |
| 25:56 | Build | Town Center |
| 26:02 | Create | Villager (Male) |
| 26:03 | Create | Villager (Male) |
| 26:13 | Build | Stone Wall |
| 26:44 | Build | Archery Range |
| 26:46 | Build | Archery Range |
Build order — Dickus Giganticus
First 150 of 215 actions detected
| 0:06 | Build | House |
| 0:08 | Build | House |
| 0:09 | Create | Villager (Male) |
| 0:10 | Create | Villager (Male) |
| 0:10 | Create | Villager (Male) |
| 0:30 | Create | Villager (Male) |
| 0:30 | Create | Villager (Male) |
| 1:35 | Create | Villager (Male) |
| 2:09 | Create | Villager (Male) |
| 2:10 | Create | Villager (Male) |
| 2:27 | Build | Lumber Camp |
| 2:35 | Create | Villager (Male) |
| 3:26 | Create | Villager (Male) |
| 3:28 | Create | Villager (Male) |
| 3:59 | Create | Villager (Male) |
| 4:07 | Build | Mill |
| 4:26 | Create | Villager (Male) |
| 4:54 | Build | House |
| 5:03 | Create | Villager (Male) |
| 6:03 | Create | Villager (Male) |
| 6:03 | Create | Villager (Male) |
| 6:29 | Create | Villager (Male) |
| 6:47 | Create | Villager (Male) |
| 7:31 | Create | Villager (Male) |
| 7:31 | Create | Villager (Male) |
| 7:53 | Build | Lumber Camp |
| 7:59 | Build | House |
| 8:00 | Build | House |
| 8:09 | Research | Loom |
| 8:10 | Create | Villager (Male) |
| 8:10 | Create | Villager (Male) |
| 8:15 | Create | Villager (Male) |
| 9:32 | Build | House |
| 9:33 | Build | House |
| 9:57 | Build | House |
| 10:01 | Build | House |
| 10:05 | Build | House |
| 10:10 | Build | House |
| 10:23 | Build | House |
| 10:28 | Create | Villager (Male) |
| 10:31 | Research | Feudal Age |
| 11:09 | Build | Farm |
| 11:11 | Build | Farm |
| 11:17 | Build | Farm |
| 11:25 | Build | Farm |
| 12:31 | Create | Villager (Male) |
| 12:31 | Create | Villager (Male) |
| 12:49 | Build | Outpost |
| 12:53 | Build | Farm |
| 13:03 | Age | Feudal Age |
| 13:32 | Build | Farm |
| 13:43 | Build | Barracks |
| 14:27 | Build | Mining Camp |
| 14:38 | Create | Villager (Male) |
| 14:40 | Research | Town Watch |
| 14:42 | Create | Villager (Male) |
| 15:26 | Create | Villager (Male) |
| 15:36 | Build | Barracks |
| 15:48 | Create | Villager (Male) |
| 15:48 | Create | Villager (Male) |
| 15:48 | Create | Villager (Male) |
| 15:49 | Create | Villager (Male) |
| 16:28 | Research | Double-Bit Axe |
| 16:36 | Create | Spearman |
| 17:19 | Build | Farm |
| 17:20 | Build | Farm |
| 17:23 | Build | Farm |
| 17:51 | Create | Spearman |
| 17:52 | Create | Spearman |
| 17:52 | Create | Spearman |
| 17:53 | Create | Spearman |
| 18:24 | Create | Villager (Male) |
| 18:24 | Create | Villager (Male) |
| 18:52 | Build | Blacksmith |
| 18:58 | Build | Market |
| 19:15 | Build | Mining Camp |
| 19:23 | Build | Farm |
| 19:25 | Create | Villager (Male) |
| 19:25 | Create | Villager (Male) |
| 19:25 | Create | Villager (Male) |
| 19:26 | Create | Villager (Male) |
| 19:30 | Research | Wheelbarrow |
| 19:31 | Create | Villager (Male) |
| 19:31 | Create | Villager (Male) |
| 19:31 | Create | Villager (Male) |
| 20:09 | Research | Forging |
| 20:22 | Create | Trade Cart |
| 20:31 | Create | Trade Cart |
| 20:46 | Research | Castle Age |
| 20:50 | Create | Villager (Male) |
| 21:05 | Research | Scale Mail Armor |
| 21:21 | Build | Barracks |
| 21:22 | Build | Barracks |
| 21:24 | Build | Barracks |
| 22:53 | Create | Trade Cart |
| 23:16 | Research | Horse Collar |
| 23:24 | Build | Farm |
| 23:32 | Build | Farm |
| 23:33 | Build | Farm |
| 23:50 | Age | Castle Age |
| 23:54 | Build | Mining Camp |
| 24:15 | Research | Bow Saw |
| 24:42 | Research | Squires |
| 24:55 | Create | Villager (Male) |
| 24:55 | Create | Villager (Male) |
| 24:55 | Create | Villager (Male) |
| 24:56 | Create | Villager (Male) |
| 24:56 | Create | Villager (Male) |
| 24:56 | Create | Villager (Male) |
| 24:56 | Create | Villager (Male) |
| 24:56 | Create | Villager (Male) |
| 25:16 | Build | Town Center |
| 25:44 | Build | Town Center |
| 26:17 | Build | House |
| 26:19 | Build | House |
| 26:21 | Build | House |
| 26:23 | Build | House |
| 26:29 | Build | House |
| 26:33 | Build | House |
| 26:37 | Build | House |
| 26:50 | Create | Trade Cart |
| 26:51 | Create | Trade Cart |
| 26:55 | Research | Pikeman (upgrade) |
| 26:57 | Research | Man-at-Arms (upgrade) |
| 27:37 | Create | Militia ×5 |
| 27:41 | Research | Long Swordsman (upgrade) |
| 27:44 | Research | Iron Casting |
| 28:18 | Create | Villager (Male) |
| 28:18 | Create | Villager (Male) |
| 28:18 | Create | Villager (Male) |
| 28:19 | Create | Villager (Male) |
| 28:25 | Research | Stone Mining |
| 28:43 | Create | Militia ×5 |
| 28:45 | Create | Militia ×2 |
| 29:01 | Create | Villager (Male) |
| 29:15 | Create | Villager (Male) |
| 29:16 | Create | Villager (Male) |
| 30:25 | Build | Farm |
| 30:44 | Build | Castle |
| 31:02 | Create | Militia ×5 |
| 31:05 | Create | Militia ×5 |
| 31:18 | Create | Villager (Male) |
| 31:19 | Create | Villager (Male) |
| 31:19 | Create | Villager (Male) |
| 31:21 | Create | Villager (Male) |
| 31:22 | Create | Villager (Male) |
| 31:22 | Create | Villager (Male) |
| 31:37 | Build | Farm |
| 31:38 | Build | Farm |
| 31:39 | Build | Farm |
Build order — Ejatch Lemayahu Gewodros
First 150 of 433 actions detected
| 0:04 | Create | Villager (Male) |
| 0:04 | Create | Villager (Male) |
| 0:04 | Create | Villager (Male) |
| 0:04 | Create | Villager (Male) |
| 0:05 | Create | Villager (Male) |
| 0:07 | Build | House |
| 1:28 | Create | Villager (Male) |
| 1:29 | Create | Villager (Male) |
| 2:19 | Create | Villager (Male) |
| 2:19 | Create | Villager (Male) |
| 2:41 | Create | Villager (Male) |
| 2:41 | Create | Villager (Male) |
| 2:42 | Create | Villager (Male) |
| 2:49 | Research | Loom |
| 2:50 | Create | Villager (Male) |
| 2:50 | Create | Villager (Male) |
| 2:51 | Create | Villager (Male) |
| 3:02 | Build | House |
| 3:11 | Create | Villager (Male) |
| 3:11 | Create | Villager (Male) |
| 3:21 | Build | House |
| 3:22 | Build | House |
| 3:26 | Create | Villager (Male) |
| 3:27 | Create | Villager (Male) |
| 3:55 | Create | Villager (Male) |
| 3:56 | Create | Villager (Male) |
| 3:56 | Create | Villager (Male) |
| 4:24 | Build | House |
| 4:28 | Create | Villager (Male) |
| 4:29 | Create | Villager (Male) |
| 5:03 | Create | Villager (Male) |
| 5:04 | Create | Villager (Male) |
| 5:27 | Create | Villager (Male) |
| 5:27 | Create | Villager (Male) |
| 5:32 | Create | Villager (Male) |
| 5:33 | Create | Villager (Male) |
| 5:54 | Create | Villager (Male) |
| 6:01 | Build | Mill |
| 6:27 | Build | Palisade Wall |
| 6:34 | Build | Palisade Wall |
| 6:37 | Build | House |
| 6:42 | Build | Palisade Gate |
| 6:52 | Build | Palisade Wall |
| 7:02 | Create | Villager (Male) |
| 7:03 | Create | Villager (Male) |
| 7:03 | Create | Villager (Male) |
| 7:03 | Create | Villager (Male) |
| 7:30 | Create | Villager (Male) |
| 7:30 | Create | Villager (Male) |
| 8:08 | Create | Villager (Male) |
| 8:08 | Create | Villager (Male) |
| 8:08 | Create | Villager (Male) |
| 8:31 | Build | Palisade Wall |
| 8:43 | Create | Villager (Male) |
| 8:44 | Create | Villager (Male) |
| 9:42 | Build | Farm |
| 9:44 | Build | Farm |
| 10:07 | Create | Villager (Male) |
| 10:36 | Build | House |
| 10:37 | Build | House |
| 10:56 | Build | Farm |
| 11:13 | Build | Mule Cart |
| 11:23 | Build | Farm |
| 11:32 | Research | Feudal Age |
| 11:33 | Research | Feudal Age |
| 11:33 | Create | Villager (Male) |
| 11:34 | Create | Villager (Male) |
| 11:41 | Build | House |
| 11:45 | Build | House |
| 11:45 | Build | House |
| 11:50 | Build | Palisade Wall |
| 11:51 | Build | Palisade Wall |
| 12:26 | Build | Farm |
| 12:30 | Build | Farm |
| 13:42 | Age | Feudal Age |
| 14:00 | Build | Market |
| 14:06 | Build | Mule Cart |
| 14:13 | Build | Blacksmith |
| 14:33 | Create | Villager (Male) |
| 15:03 | Research | Castle Age |
| 15:04 | Research | Castle Age |
| 15:15 | Build | Barracks |
| 16:30 | Build | Mule Cart |
| 16:43 | Build | Mule Cart |
| 16:50 | Create | Villager (Male) |
| 16:50 | Create | Villager (Male) |
| 16:53 | Research | Double-Bit Axe |
| 16:55 | Research | Stone Mining |
| 17:13 | Create | Villager (Male) |
| 17:13 | Create | Villager (Male) |
| 17:20 | Build | Gate |
| 17:43 | Age | Castle Age |
| 17:56 | Build | Town Center |
| 18:02 | Create | Villager (Male) |
| 18:50 | Build | Town Center |
| 19:13 | Create | Villager (Male) |
| 19:13 | Create | Villager (Male) |
| 19:27 | Build | Town Center |
| 19:40 | Build | Town Center |
| 20:07 | Create | Villager (Male) |
| 20:08 | Create | Villager (Male) |
| 20:18 | Create | Villager (Male) |
| 20:18 | Create | Villager (Male) |
| 20:19 | Create | Villager (Male) |
| 20:19 | Create | Villager (Male) |
| 20:19 | Create | Villager (Male) |
| 20:29 | Build | Farm |
| 20:31 | Build | Farm |
| 20:32 | Build | Farm |
| 20:33 | Build | Farm |
| 20:34 | Create | Villager (Male) |
| 20:34 | Create | Villager (Male) |
| 20:38 | Build | Farm |
| 20:40 | Build | Farm |
| 20:40 | Build | Farm |
| 20:40 | Build | Farm |
| 20:40 | Build | Farm |
| 20:52 | Build | House |
| 20:53 | Build | House |
| 20:54 | Build | House |
| 20:55 | Build | House |
| 20:56 | Build | House |
| 20:57 | Build | House |
| 20:58 | Build | House |
| 21:02 | Create | Villager (Male) |
| 21:02 | Create | Villager (Male) |
| 21:05 | Build | Farm |
| 21:09 | Build | Farm |
| 21:30 | Create | Villager (Male) |
| 21:43 | Create | Villager (Male) |
| 21:44 | Create | Villager (Male) |
| 21:45 | Create | Villager (Male) |
| 21:49 | Build | Farm |
| 21:51 | Build | Farm |
| 21:57 | Create | Villager (Male) |
| 21:57 | Create | Villager (Male) |
| 22:02 | Create | Villager (Male) |
| 22:02 | Create | Villager (Male) |
| 22:21 | Create | Villager (Male) |
| 22:22 | Create | Villager (Male) |
| 22:25 | Build | Farm |
| 22:29 | Build | Farm |
| 22:34 | Create | Villager (Male) |
| 22:35 | Create | Villager (Male) |
| 22:35 | Create | Villager (Male) |
| 22:36 | Create | Villager (Male) |
| 22:36 | Create | Villager (Male) |
| 22:45 | Create | Villager (Male) |
| 22:45 | Create | Villager (Male) |
| 22:46 | Create | Villager (Male) |
Build order — Arfah
First 150 of 330 actions detected
| 0:05 | Build | House |
| 0:07 | Build | House |
| 0:12 | Create | Villager (Male) |
| 0:12 | Create | Villager (Male) |
| 0:12 | Create | Villager (Male) |
| 0:13 | Create | Villager (Male) |
| 0:13 | Create | Villager (Male) |
| 0:13 | Create | Villager (Male) |
| 1:36 | Create | Villager (Male) |
| 1:36 | Create | Villager (Male) |
| 1:58 | Build | Lumber Camp |
| 2:14 | Create | Villager (Male) |
| 2:14 | Create | Villager (Male) |
| 2:15 | Create | Villager (Male) |
| 2:57 | Create | Villager (Male) |
| 2:57 | Create | Villager (Male) |
| 2:58 | Create | Villager (Male) |
| 3:18 | Create | Villager (Male) |
| 3:18 | Create | Villager (Male) |
| 3:51 | Create | Villager (Male) |
| 3:51 | Create | Villager (Male) |
| 3:55 | Build | House |
| 4:37 | Create | Villager (Male) |
| 4:37 | Create | Villager (Male) |
| 4:49 | Create | Villager (Male) |
| 4:49 | Create | Villager (Male) |
| 5:38 | Create | Villager (Male) |
| 6:01 | Build | Barracks |
| 6:38 | Create | Villager (Male) |
| 6:38 | Create | Villager (Male) |
| 6:38 | Create | Villager (Male) |
| 6:40 | Build | House |
| 7:30 | Build | Mill |
| 7:43 | Create | Villager (Male) |
| 8:18 | Create | Villager (Male) |
| 8:18 | Create | Villager (Male) |
| 8:22 | Build | Lumber Camp |
| 8:25 | Create | Villager (Male) |
| 8:56 | Build | House |
| 9:26 | Create | Villager (Male) |
| 9:27 | Create | Villager (Male) |
| 9:28 | Create | Villager (Male) |
| 9:48 | Research | Loom |
| 9:50 | Research | Feudal Age |
| 10:03 | Build | Mining Camp |
| 11:04 | Build | Mining Camp |
| 11:14 | Build | House |
| 11:31 | Create | Villager (Male) |
| 12:12 | Build | Farm |
| 12:40 | Build | Farm |
| 13:23 | Age | Feudal Age |
| 13:30 | Build | Blacksmith |
| 13:41 | Build | Stable |
| 13:44 | Build | Stone Wall |
| 13:44 | Build | Stone Wall |
| 13:59 | Build | Stone Wall |
| 14:05 | Create | Villager (Male) |
| 14:06 | Create | Villager (Male) |
| 14:18 | Build | Stone Wall |
| 14:24 | Build | House |
| 14:34 | Build | Stone Wall |
| 14:37 | Build | Stone Wall |
| 14:44 | Research | Castle Age |
| 14:44 | Research | Castle Age |
| 14:48 | Build | Farm |
| 14:50 | Build | Farm |
| 14:52 | Build | Farm |
| 14:56 | Build | Farm |
| 14:58 | Build | Farm |
| 15:15 | Create | Spearman |
| 15:40 | Create | Spearman |
| 16:26 | Build | Gate |
| 16:45 | Build | Barracks |
| 16:51 | Create | Villager (Male) |
| 16:59 | Build | Farm |
| 17:01 | Build | Farm |
| 17:35 | Age | Castle Age |
| 17:41 | Build | Farm |
| 17:42 | Build | Farm |
| 17:42 | Build | Farm |
| 17:43 | Build | Farm |
| 17:48 | Create | Spearman |
| 17:57 | Research | Scale Mail Armor |
| 18:02 | Create | Villager (Male) |
| 18:03 | Create | Villager (Male) |
| 18:05 | Research | Double-Bit Axe |
| 18:26 | Build | Town Center |
| 18:33 | Create | Spearman |
| 18:54 | Create | Villager (Male) |
| 18:55 | Create | Villager (Male) |
| 18:57 | Create | Villager (Male) |
| 18:57 | Create | Villager (Male) |
| 18:57 | Create | Villager (Male) |
| 19:22 | Build | Farm |
| 19:33 | Build | Farm |
| 19:46 | Create | Villager (Male) |
| 19:46 | Create | Villager (Male) |
| 19:46 | Create | Villager (Male) |
| 19:59 | Create | Villager (Male) |
| 20:07 | Build | Farm |
| 20:19 | Build | Farm |
| 20:23 | Build | Farm |
| 20:30 | Research | Man-at-Arms (upgrade) |
| 20:46 | Build | Farm |
| 20:49 | Build | Farm |
| 20:53 | Create | Villager (Male) |
| 21:05 | Build | Farm |
| 21:09 | Build | House |
| 21:10 | Build | House |
| 21:11 | Build | House |
| 21:15 | Create | Villager (Male) |
| 21:15 | Create | Villager (Male) |
| 21:29 | Create | Villager (Male) |
| 21:33 | Create | Villager (Male) |
| 21:36 | Build | Farm |
| 21:41 | Build | Farm |
| 22:02 | Build | Lumber Camp |
| 22:05 | Create | Villager (Male) |
| 22:05 | Create | Villager (Male) |
| 22:07 | Create | Villager (Male) |
| 22:15 | Build | Castle |
| 22:21 | Research | Long Swordsman (upgrade) |
| 22:24 | Create | Villager (Male) |
| 22:28 | Create | Villager (Male) |
| 22:36 | Build | Farm |
| 22:40 | Create | Villager (Male) |
| 22:47 | Build | House |
| 23:03 | Create | Villager (Male) |
| 23:06 | Create | Villager (Male) |
| 23:20 | Create | Villager (Male) |
| 23:37 | Research | Squires |
| 23:45 | Create | Villager (Male) |
| 23:47 | Create | Villager (Male) |
| 23:48 | Create | Villager (Male) |
| 24:10 | Build | Mill |
| 24:11 | Build | Farm |
| 24:11 | Build | Farm |
| 24:11 | Build | Farm |
| 24:12 | Build | Farm |
| 24:14 | Build | Farm |
| 24:14 | Build | Farm |
| 24:21 | Research | Horse Collar |
| 24:28 | Build | Farm |
| 24:35 | Create | Villager (Male) |
| 24:36 | Create | Villager (Male) |
| 24:38 | Create | Villager (Male) |
| 24:41 | Create | Villager (Male) |
| 24:57 | Create | Militia |
| 24:57 | Create | Militia |
| 24:59 | Create | Militia |
Match timeline
| 5:18 | 只爆叉叉 · wall_segment Palisade Wall x8 |
| 6:01 | Arfah · first_building Barracks |
| 6:17 | polyrule · wall_segment Palisade Wall x1 |
| 6:26 | polyrule · wall_segment Palisade Wall x1 |
| 6:27 | Ejatch Lemayahu Gewodros · wall_segment Palisade Wall x3 |
| 6:34 | Ejatch Lemayahu Gewodros · wall_segment Palisade Wall x6 |
| 6:52 | Ejatch Lemayahu Gewodros · wall_segment Palisade Wall x1 |
| 6:59 | polyrule · wall_segment Palisade Wall x5 |
| 7:24 | 月儿 · first_building Barracks |
| 7:50 | polyrule · wall_segment Palisade Wall x8 |
| 7:54 | polyrule · wall_segment Palisade Wall x3 |
| 8:13 | badeMJoon · wall_segment Palisade Wall x28 |
| 8:21 | polyrule · wall_segment Palisade Wall x1 |
| 8:31 | Ejatch Lemayahu Gewodros · wall_segment Palisade Wall x10 |
| 8:35 | 月儿 · wall_segment Palisade Wall x10 |
| 8:35 | polyrule · wall_segment Palisade Wall x2 |
| 8:54 | 月儿 · wall_segment Palisade Wall x5 |
| 9:43 | 月儿 · age_up feudal |
| 9:45 | Grim Reaper · first_building Barracks |
| 9:48 | 月儿 · first_building Stable |
| 10:09 | Grim Reaper · age_up feudal |
| 10:57 | Grim Reaper · wall_segment Stone Wall x1 |
| 11:03 | polyrule · age_up feudal |
| 11:15 | Grim Reaper · first_building Archery Range |
| 11:19 | badeMJoon · age_up feudal |
| 11:25 | Grim Reaper · wall_segment Stone Wall x7 |
| 11:29 | 只爆叉叉 · age_up feudal |
| 11:42 | Grim Reaper · wall_segment Stone Wall x23 |
| 11:50 | Ejatch Lemayahu Gewodros · wall_segment Palisade Wall x1 |
| 11:51 | Ejatch Lemayahu Gewodros · wall_segment Palisade Wall x1 |
| 13:00 | 只爆叉叉 · wall_segment Stone Wall x9 |
| 13:03 | Dickus Giganticus · age_up feudal |
| 13:17 | Grim Reaper · wall_segment Stone Wall x7 |
| 13:20 | badeMJoon · first_building Barracks |
| 13:23 | Arfah · age_up feudal |
| 13:41 | Arfah · first_building Stable |
| 13:42 | Ejatch Lemayahu Gewodros · age_up feudal |
| 13:43 | Dickus Giganticus · first_building Barracks |
| 13:44 | Grim Reaper · wall_segment Stone Wall x9 |
| 13:44 | Arfah · wall_segment Stone Wall x4 |
| 13:44 | Arfah · wall_segment Stone Wall x1 |
| 13:59 | Arfah · wall_segment Stone Wall x11 |
| 14:18 | Arfah · wall_segment Stone Wall x7 |
| 14:34 | Arfah · wall_segment Stone Wall x9 |
| 14:37 | Arfah · wall_segment Stone Wall x4 |
| 14:41 | 只爆叉叉 · wall_segment Stone Wall x1 |
| 14:42 | 只爆叉叉 · wall_segment Stone Wall x1 |
| 15:00 | 只爆叉叉 · age_up castle |
| 15:15 | Ejatch Lemayahu Gewodros · first_building Barracks |
| 15:50 | 只爆叉叉 · first_market_buy 100 food |
| 16:20 | polyrule · age_up castle |
| 16:33 | badeMJoon · first_building Archery Range |
| 17:35 | Arfah · age_up castle |
| 17:41 | polyrule · first_building Castle |
| 17:43 | Ejatch Lemayahu Gewodros · age_up castle |
| 18:32 | polyrule · first_building Siege Workshop |
| 20:00 | polyrule · first_building Barracks |
| 20:17 | Ejatch Lemayahu Gewodros · first_market_buy 500 food |
| 20:28 | Grim Reaper · age_up castle |
| 21:11 | Grim Reaper · first_building Monastery |
| 21:31 | Grim Reaper · first_market_buy 100 stone |
| 22:02 | 月儿 · age_up castle |
| 22:15 | Arfah · first_building Castle |
| 22:19 | 月儿 · first_market_buy 100 wood |
| 22:59 | polyrule · first_market_sell 100 wood |
| 23:46 | polyrule · first_market_buy 100 stone |
| 23:46 | 月儿 · first_building Monastery |
| 23:50 | Dickus Giganticus · age_up castle |
| 24:40 | badeMJoon · age_up castle |
| 24:40 | 只爆叉叉 · first_building Monastery |
| 25:57 | badeMJoon · first_building Castle |
| 26:13 | Grim Reaper · wall_segment Stone Wall x2 |
| 26:20 | 月儿 · wall_segment Stone Wall x12 |
| 26:30 | 只爆叉叉 · first_building Barracks |
| 26:38 | Ejatch Lemayahu Gewodros · first_building Siege Workshop |
| 27:23 | 只爆叉叉 · first_building Castle |
| 27:28 | Ejatch Lemayahu Gewodros · first_building Castle |
| 27:30 | 只爆叉叉 · first_building Archery Range |
| 28:16 | 月儿 · first_building Castle |
| 29:32 | 月儿 · wall_segment Stone Wall x40 |
| 30:07 | Ejatch Lemayahu Gewodros · first_building Monastery |
| 30:08 | Grim Reaper · first_building Castle |
| 30:25 | 只爆叉叉 · age_up imperial |
| 30:44 | Dickus Giganticus · first_building Castle |
| 30:48 | Ejatch Lemayahu Gewodros · first_building Stable |
| 31:05 | badeMJoon · first_market_buy 100 food |
| 32:33 | Grim Reaper · first_market_sell 100 stone |
| 32:55 | 月儿 · wall_segment Stone Wall x8 |
| 33:02 | polyrule · age_up imperial |
| 33:52 | Ejatch Lemayahu Gewodros · wall_segment Stone Wall x4 |
| 33:57 | Ejatch Lemayahu Gewodros · wall_segment Stone Wall x5 |
| 33:59 | Ejatch Lemayahu Gewodros · wall_segment Stone Wall x3 |
| 34:08 | Arfah · first_market_sell 100 food |
| 34:10 | Ejatch Lemayahu Gewodros · wall_segment Stone Wall x2 |
| 34:14 | 月儿 · first_market_sell 500 food |
| 34:32 | Ejatch Lemayahu Gewodros · wall_segment Stone Wall x1 |
| 34:35 | Ejatch Lemayahu Gewodros · wall_segment Stone Wall x2 |
| 35:13 | Ejatch Lemayahu Gewodros · age_up imperial |
| 35:15 | 月儿 · wall_segment Stone Wall x47 |
| 35:43 | polyrule · wall_segment Stone Wall x4 |
| 35:46 | polyrule · wall_segment Stone Wall x1 |
| 35:58 | Grim Reaper · age_up imperial |
| 36:00 | 月儿 · first_building Archery Range |
| 36:30 | badeMJoon · first_market_sell 100 food |
| 37:27 | 月儿 · age_up imperial |
| 38:17 | polyrule · wall_segment Palisade Wall x1 |
| 38:24 | Ejatch Lemayahu Gewodros · wall_segment Stone Wall x11 |
| 38:28 | Arfah · age_up imperial |
| 38:30 | 月儿 · first_building Siege Workshop |
| 38:38 | polyrule · first_building Archery Range |
| 38:39 | 月儿 · wall_segment Stone Wall x12 |
| 39:48 | badeMJoon · age_up imperial |
| 40:50 | Arfah · resign |
[ AI ANALYSIS · 1 CREDIT ]
What really happened in this match?
Wolo.gg analyzes every decision: build order, eco, micro, common mistakes by bracket. Personalized analysis on WhatsApp or Discord in 30 seconds.
Civ guide
Japanese
Perfil
Jugador #533820